 Dungeon Crawl Stone Soup version 0.32-a0-596-g69a5a37 (webtiles) character file.

Game seed: 9297515798546340504

28 Susan the Digger (level 2, 0/20 HPs)
             Began as a Draconian Earth Elementalist on Mar 2, 2024.
             Slain by a jackal (2 damage)
             ... on level 2 of the Dungeon.
             The game lasted 00:03:05 (918 turns).

Susan the Digger (Draconian Earth Elementalist)      Turns: 918, Time: 00:03:06

Health: 0/20       AC:  4    Str: 10    XL:     2   Next: 96%
Magic:  5/5        EV: 17    Int: 15    God:
Gold:   35         SH:  0    Dex: 11    Spells: 4/5 levels left

rFire   . . .        (no weapon)
rCold   . . .        (no shield)
rNeg    . . .        (body armour unavailable)
rPois   .            (helmet restricted)
rElec   .            (no cloak)
rCorr   .            (no gloves)
SInv    .            (no boots)
Will    .....        (no amulet)
Stlth   ++           b - +5 ring of evasion
HPRegen 0.23/turn    (no ring)
MPRegen 0.09/turn

%: no passive effects
@: no status effects
A: AC +4, unfitting armour, cold-blooded
a: no special abilities


You were on level 2 of the Dungeon.
You visited 1 branch of the dungeon, and saw 2 of its levels.

You collected 35 gold pieces.

Inventory:

Missiles
 h - 16 stones
Armour
 d - a +0 leather armour
 e - a +1 plate armour
Jewellery
 b - a +5 ring of evasion (left hand)
Potions
 a - a potion of magic
 f - a potion of berserk rage


   Skills:
 + Level 2.1 Dodging
 + Level 2.1 Stealth
 + Level 0.7 Unarmed Combat
 + Level 2.2 Spellcasting
 + Level 1.0 Conjurations
 + Level 3.3 Earth Magic


You had 4 spell levels left.
You knew the following spells:

 Your Spells              Type           Power      Damage    Failure   Level
a - Sandblast             Erth           22%        2d7       5%          1

Your spell library contained the following spells:

 Spells                   Type           Power      Damage    Failure   Level
 Passwall                 Erth           11%        N/A       17%         3
 Foxfire                  Conj/Fire      12%        2x1d4     19%         1
 Stone Arrow              Conj/Erth      16%        3d8       26%         3
 Ozocubu's Armour         Ice            1%         N/A       54%         3
 Brom's Barrelling Bould  Conj/Erth      8%         2d3       65%         4
 Petrify                  Alch/Erth      6%         N/A       73%         4
 Metabolic Englaciation   Hex/Ice        0%         N/A       99%         5
 Plasma Beam              Fire/Air       0%         2x1d10    100%        6
 Sculpt Simulacrum        Ice/Alch       0%         N/A       100%        6
 Starburst                Conj/Fire      1%         6d3       100%        6


Dungeon Overview and Level Annotations

Branches:
Dungeon (2/15)

Altars:

Shops:
D:1 *


Innate Abilities, Weirdness & Mutations

Your plain brown scales are hard. (AC +4)
You cannot fit into any form of body armour.
You are cold-blooded and may be slowed by cold attacks.


Message History

You completely miss the ribbon worm. The jackal misses you.
The jackal closely misses you.
You hit the ribbon worm.
The ribbon worm is lightly wounded.
The jackal bites you.
The ribbon worm bites you but does no damage.
You hit the jackal but do no damage. You tail-slap the jackal.
The jackal is moderately wounded.
The jackal barely misses you.
The ribbon worm expels a string of sticky webbing.
The stream of webbing hits you but does no damage.
You are caught in a web!
The jackal barely misses you.
You struggle to detach yourself from the web.
The jackal barely misses you. The ribbon worm misses you.
You struggle to detach yourself from the web.
The jackal bites you. The ribbon worm bites you.
* * * LOW HITPOINT WARNING * * *
The web tears apart.
The jackal bites you but does no damage. x2
You hit the jackal but do no damage.
The jackal is moderately wounded.
The jackal closely misses you.
The ribbon worm expels a string of sticky webbing.
The stream of webbing hits you but does no damage.
You are caught in a web!
You struggle to detach yourself from the web.
The jackal bites you.
* * * LOW HITPOINT WARNING * * *
The ribbon worm bites you but does no damage.
The jackal barely misses you.
The web tears apart.
The jackal closely misses you. The ribbon worm bites you.
* * * LOW HITPOINT WARNING * * *
You hit the jackal.
The jackal is heavily wounded.
The jackal closely misses you.
The ribbon worm bites you but does no damage.
You closely miss the jackal.
The jackal is heavily wounded.
The jackal bites you.
You die...

.# .# .# ###.###### #...
#.........
#..#######.........
#..##..............
#..##.....h@.......
#.........†w..<....
#.####..##..............
.............##.........
#####<.)...##.........
#......##.........
#......####+######
#.###+## #.#


You could see a ribbon worm and a jackal.

Vanquished Creatures
  2 ball pythons (D:1)
  A giant cockroach (D:1)
  5 goblins
  A hobgoblin (D:1)
  6 jackals
  A kobold (D:1)
  A bat (D:1)
  4 frilled lizards
  3 rats (D:1)
24 creatures vanquished.

Notes
Turn   | Place    | Note
-------+----------+-------------------------------------------
     0 | D:1      | Susan the Draconian Earth Elementalist began the quest for
                  | the Orb.
     0 | D:1      | Reached XP level 1. HP: 14/14 MP: 3/3
   196 | D:1      | Found Emapp's Assorted Antiques.
   229 | D:1      | Reached XP level 2. HP: 16/20 MP: 5/5
   918 | D:2      | Slain by a jackal

Illustrated notes

Levels and vault maps discovered:
D:1:      lightli_arrival_statue_moat, layout_basic, serial_shops, shop
D:2:      layout_basic, basic_altar, chequers_ecumenical_altar_twisty,
          kennysheep_generic_room_7

Skill      XL: |  1  2 |
---------------+-------+-----
Dodging        | 2 |  2.1
Stealth        | 2 |  2.1
Unarmed Combat | |  0.7
Spellcasting   | |  2.2
Conjurations   | |  1.0
Earth Magic    | |  3.3

Action                     || total
---------------------------++-------
  Melee: Unarmed           ||   163
         Tailslap          ||    13
         Punch             ||     2
    Use: Scroll            ||     4
   Stab: Sleeping          ||     1
 Armour: Skin              ||   110
  Dodge: Dodged            ||   180

Table legend: (Time is in decaauts)
 A = Elapsed time spent in this place.
 B = Non-inter-level travel time spent in this place.
 C = Inter-level travel time spent in this place.
 D = Time resting spent in this place.
 E = Time spent auto-exploring this place.
 F = Levels seen in this place.
 G = Mean time per level.
                   A        B        C        D        E       F      G
               +--------+--------+--------+--------+--------+-----+--------+
         Total |    916 |    888 |     28 |      0 |    621 |   2 |  458.0 |
       Dungeon |    916 |    888 |     28 |      0 |    621 |   2 |  458.0 |
               +--------+--------+--------+--------+--------+-----+--------+

Top non-repeatable levels by time:
     D:1: 851 daAuts
     D:2: 65 daAuts
